AoeStats
← alekos_87

Arena

509400389Analyzed
4v4 RM · 24d ago on Sep 26, 2026· 49m 37s· 8 players
Game mode
Random Map
Map size
Large (8 player)
Population
200
Speed
Normal
Resources
Standard
Victory
Conquest
Starting age
Dark Age
Ending age
Imperial Age
RankedLock teamsTeams togetherTeam positionsShared explorationLock speedFull tech treeHidden civsTurbo modeCheats
Victory
Defeat
🇹🇷 Danes · Türkiye
941
+16
🇮🇳 Italians · India
929
+16
🇦🇷 Spanish · Argentina
917
+17
🇨🇳 Mongols · China
894
+18
vs
🇬🇷 Persians · Greece
1000
-62
🇺🇸 Poles · United States
973
-18
🇦🇷 Hindustanis · Argentina
922
-16
🇹🇷 Franks · Türkiye
846
-13
erm
0:28 Loom
12:21 Feudal Age
17:00 Castle Age
15:24 Double-Bit Axe
16:05 Horse Collar
17:59 Stone Mining
18:49 Squires
18:41 Arson
22:07 Heavy Plow
22:17 Bow Saw
22:01 Gold Mining
22:30 Scale Mail Armor
24:33 Wheelbarrow
26:14 Forging
29:43 Gold Shaft Mining
33:25 Imperial Age
32:07 Iron Casting
32:22 Stone Shaft Mining
32:34 Hand Cart
32:57 Chain Mail Armor
33:09 Hamask
33:45 Fletching
33:56 Elite Jomsviking
36:09 Plate Mail Armor
36:29 Ballistics
37:51 Blast Furnace
37:23 Conscription
38:42 Bodkin Arrow
40:13 Hoardings
40:52 Town Watch
41:19 Masonry
41:13 Bracer
iamlegolas312
0:30 Loom
10:38 Feudal Age
12:04 Double-Bit Axe
12:13 Gold Mining
12:05 Horse Collar
20:11 Stone Mining
23:31 Castle Age
22:55 Fletching
23:05 Padded Archer Armor
24:58 Bow Saw
24:54 Caravan
25:34 Wheelbarrow
25:00 Heavy Plow
25:43 Bodkin Arrow
26:07 Leather Archer Armor
27:26 Silk Road
29:40 Stone Shaft Mining
28:50 Treadmill Crane
32:11 Hand Cart
31:42 Town Watch
35:10 Imperial Age
34:21 Forging
34:12 Scale Mail Armor
34:20 Scale Barding Armor
35:55 Bloodlines
37:01 Chemistry
36:04 Bracer
35:37 Light Cavalry
36:51 Hussar
39:36 Ring Archer Armor
39:41 Iron Casting
40:47 Conscription
42:52 Iron Casting
43:15 Masonry
43:34 Elite Genoese Crossbowman
48:15 Town Patrol
49:52 Blast Furnace
49:12 Chain Barding Armor
48:53 Scale Mail Armor
50:09 Two-Man Saw
zeos0708
11:41 Feudal Age
12:06 Double-Bit Axe
12:08 Town Watch
18:55 Castle Age
17:21 Gold Mining
17:46 Stone Mining
17:52 Horse Collar
19:46 Bow Saw
20:18 Fletching
31:34 Imperial Age
29:56 Padded Archer Armor
30:43 Wheelbarrow
30:09 Heavy Plow
31:42 Hand Cart
33:29 Chemistry
33:23 Conscription
34:40 Bodkin Arrow
35:55 Two-Man Saw
35:59 Leather Archer Armor
36:49 Supremacy
37:10 Murder Holes
37:35 Ballistics
39:06 Ring Archer Armor
39:52 Masonry
40:25 Town Patrol
42:24 Husbandry
42:35 Bloodlines
46:29 Caravan
猪头
10:25 Feudal Age
12:49 Horse Collar
15:41 Castle Age
14:12 Double-Bit Axe
16:49 Bow Saw
17:20 Heavy Plow
22:23 Loom
23:16 Gold Mining
23:17 Stone Mining
24:27 Wheelbarrow
23:40 Town Watch
31:14 Imperial Age
29:45 Ballistics
30:11 Fletching
31:03 Gold Shaft Mining
31:04 Stone Shaft Mining
33:24 Masonry
33:20 Siege Engineers
34:17 Chemistry
33:53 Conscription
34:04 Scale Mail Armor
34:12 Scale Barding Armor
34:18 Forging
34:04 Bodkin Arrow
34:46 Bloodlines
34:36 Husbandry
33:58 Light Cavalry
34:51 Thumb Ring
35:11 Hand Cart
34:56 Town Patrol
34:46 Elite Mangudai
35:01 Light Cavalry
36:09 Chain Barding Armor
37:28 Iron Casting
36:57 Bracer
36:50 Hussar
39:08 Murder Holes
39:24 Fortified Wall
41:05 Drill
41:23 Hoardings
43:47 Iron Casting
45:19 Capped Ram
46:10 Siege Ram
47:57 Blast Furnace
49:12 Heavy Camel Rider
49:35 Heavy Camel Rider
DENVER
0:31 Loom
13:23 Feudal Age
13:50 Double-Bit Axe
14:50 Wheelbarrow
21:12 Castle Age
19:25 Stone Mining
19:37 Gold Mining
31:05 Husbandry
35:23 Imperial Age
33:06 Forging
32:56 Scale Mail Armor
33:01 Scale Barding Armor
34:42 Gold Shaft Mining
34:22 Bow Saw
34:28 Hand Cart
33:59 Town Watch
34:51 Iron Casting
34:53 Chain Mail Armor
34:39 Padded Archer Armor
34:49 Fletching
35:29 Ballistics
34:50 Treadmill Crane
35:21 Masonry
35:07 Murder Holes
35:34 Town Patrol
37:09 Chemistry
36:01 Guard Tower
35:46 Cavalier
37:38 Heavy Scorpion
38:59 Conscription
39:23 Leather Archer Armor
41:22 Plate Mail Armor
41:39 Paladin
43:21 Blast Furnace
42:42 Chain Barding Armor
43:02 Bodkin Arrow
43:48 Architecture
43:05 Arrowslits
45:40 Plate Barding Armor
45:12 Siege Engineers
47:35 Fortified Wall
alekos_87
10:45 Feudal Age
13:28 Wheelbarrow
18:36 Bloodlines
21:25 Castle Age
19:47 Scale Barding Armor
19:58 Forging
20:54 Double-Bit Axe
22:43 Hand Cart
28:23 Stone Mining
31:11 Hand Cart
35:55 Gold Mining
36:40 Stone Shaft Mining
37:28 Man-at-Arms
37:55 Gambesons
38:16 Husbandry
38:15 Horse Collar
39:12 Long Swordsman
45:06 Ballistics
45:03 Masonry
48:29 Imperial Age
Soup
11:04 Feudal Age
11:44 Double-Bit Axe
11:40 Horse Collar
17:27 Castle Age
19:51 Bow Saw
22:48 Heavy Plow
24:30 Loom
25:20 Wheelbarrow
24:30 Town Watch
26:19 Hand Cart
27:33 Gold Mining
27:34 Stone Mining
31:45 Imperial Age
30:03 Stone Shaft Mining
32:11 Scale Barding Armor
32:17 Forging
33:50 Crop Rotation
33:12 Light Cavalry
34:02 Bloodlines
33:53 Husbandry
34:15 Lechitic Legacy
34:15 Conscription
34:32 Hoardings
34:22 Chain Barding Armor
34:39 Iron Casting
34:33 Winged Hussar
37:39 Chemistry
37:00 Ballistics
39:50 Blast Furnace
FernetRush
11:15 Feudal Age
15:04 Castle Age
13:17 Double-Bit Axe
13:19 Horse Collar
14:32 Loom
16:38 Bow Saw
16:54 Heavy Plow
18:37 Wheelbarrow
22:05 Hand Cart
28:21 Imperial Age
27:36 Gold Mining
27:37 Stone Mining
28:59 Gold Shaft Mining
29:18 Grand Trunk Road
29:39 Conscription
30:49 Chemistry
30:47 Bloodlines
30:58 Scale Barding Armor
31:04 Forging
31:04 Heavy Camel Rider
33:29 Shatagni
34:49 Imperial Camel Rider
35:47 Padded Archer Armor
36:08 Chain Barding Armor
36:24 Iron Casting
40:48 Light Cavalry
42:20 Hussar
44:58 Hussar
46:26 Plate Barding Armor
46:52 Blast Furnace
Connection lost

Rejoining the realm…

Still unreachable

The connection could not be restored.

Session expired

The server has moved on; the page needs a fresh start.